 Dungeon Crawl Stone Soup version 0.30.1-4-g462c640d31 (webtiles) character file.

Game seed: 3210994680904857792

28 Ivernyr the Magician (level 3, -4/28 HPs)
             Began as a Djinni Fire Elementalist on Sept 15, 2023.
             Slain by a gnoll
             ... wielding a +0 whip
              (6 damage)
             ... on level 1 of the Dungeon.
             The game lasted 00:03:02 (657 turns).

Ivernyr the Magician (Djinni Fire Elementalist)      Turns: 657, Time: 00:03:02

Health: -4/28      AC:  2    Str:  7    XL:     3   Next: 30%
Gold:   70         EV: 12    Int: 24    God:
                   SH:  0    Dex: 13

rFire   + + +        (no weapon)
rCold   x . .        (no shield)
rNeg    . . .        a - +0 robe
rPois   ∞            (no helmet)
rElec   .            (no cloak)
rCorr   .            (no gloves)
SInv    .            (boots unavailable)
Will    .....        (no amulet)
Stlth   ++           c - ring of protection from fire
HPRegen 0.24/turn    i - +6 ring of intelligence
MPRegen 0.00/turn

%: infuse magic (-5 HP)
@: flying
A: sickness immunity, fire resistance 2, cold vulnerability 1, float, innate
caster, HP casting, extra vitality 1
a: no special abilities


You were on level 1 of the Dungeon.
You visited 1 branch of the dungeon, and saw 2 of its levels.

You collected 70 gold pieces.

Inventory:

Armour
 a - a +0 robe (worn)
Jewellery
 c - a ring of protection from fire (left hand)
 i - a +6 ring of intelligence (right hand)
 j - a ring of see invisible
Scrolls
 b - a scroll of teleportation {unknown}
 d - a scroll of torment {unknown}
 k - 3 scrolls of fog {unknown}
Potions
 e - 2 potions of haste {unknown}
 f - 2 potions of flight {unknown}
 g - a potion of curing {unknown}
 h - a potion of resistance {unknown}


   Skills:
 * Level 1.8 Fighting
 + Level 2.6 Dodging
 - Level 1.5 Stealth
 + Level 2.6 Spellcasting


You knew the following spells:

 Your Spells              Type           Power      Damage    Failure   Level
a - Foxfire               Conj/Fire      64%        2x1d7     3%          1
b - Scorch                Fire           32%        2d6       5%          2
c - Volatile Blastmotes   Fire/Tloc      32%        2d12      11%         3
d - Inner Flame           Hex/Fire       16%        N/A       11%         3
e - Flame Wave            Conj/Fire      16%        2d7       36%         4
f - Freeze                Ice            64%        1d7       3%          1
Your spell library was empty.

Dungeon Overview and Level Annotations

Branches:
Dungeon (2/15)

Altars:


Innate Abilities, Weirdness & Mutations

You are immune to sickness and miasma.
You are immune to poison.
Your flesh is very heat resistant. (rF++)
You are vulnerable to cold. (rC-)
You float through the air rather than walking.
You learn spells naturally, not from books.
Your magical power is your life essence.
You have superior vitality. (+4 MHP)


Message History

Casting: Foxfire (safe; 3% risk of failure)
Confirm with . or Enter, or press ? or * to list all spells.
You conjure some foxfire!
The foxfire hits the gnoll but does no damage.
The gnoll is moderately wounded.
The foxfire hits the gnoll.
The gnoll is severely wounded.
The gnoll barely misses you.
The foxfire hits the hobgoblin.
The hobgoblin is moderately wounded.
The foxfire hits the gnoll.
The gnoll is lightly wounded.
The gnoll barely misses you. x2
You fly upwards.
There is a stone staircase leading down here.
Casting: Foxfire (safe; 3% risk of failure)
Confirm with . or Enter, or press ? or * to list all spells.
Flames lash the gnoll.
The gnoll is almost dead.
The gnoll's fire resistance burns away.
The gnoll hits you with a +0 whip. x2
Casting: Scorch (safe; 5% risk of failure)
Confirm with . or Enter, or press ? or * to list all spells.
Flames lash the gnoll.
The gnoll is severely wounded.
The gnoll's fire resistance burns away.
The gnoll hits you with a +0 whip.
* * * LOW HITPOINT WARNING * * *
The gnoll misses you.
Your magical contamination has completely faded away.
Casting: Scorch (safe; 5% risk of failure)
Confirm with . or Enter, or press ? or * to list all spells.
There is not enough space to conjure foxfire!
Casting: Foxfire (safe; 3% risk of failure)
Confirm with . or Enter, or press ? or * to list all spells.
Flames lash the gnoll.
The gnoll is almost dead.
* * * LOW HITPOINT WARNING * * *
The gnoll hits you with a +0 whip.
* * * LOW HITPOINT WARNING * * *
The gnoll hits you with a +0 whip.
You die...

P.##.# ##.....# #.....####(..
P.P#.# ##.###.# ##.###.#.####
..##.# #..# #.### ##.# ##.#.# #
†.P#.###.## #...## #..# #.#.## #
..##.##..# ###..# #..####.#.###
..P#.#..#### ##.# ##.....####...
†.##.......## #.# #......# #...
..P#.#####..####g# #......####§..
..##.## ##....#@# #.#...........
......########.#g###...#...##.###
.>..............^........####.###
..########.......................
.## ########.##)##.####..### ##
###..##..###.#### #
#..###.......... #######
#.###........... (.....#
#.##..........).


You could see 2 gnolls.

Vanquished Creatures
  A ball python (D:1)
  A bat (D:1)
  2 endoplasms (D:1)
  2 giant cockroaches
  2 goblins
  4 hobgoblins (D:1)
  3 jackals (D:1)
  3 quokkas
  3 kobolds
  2 rats (D:1)
23 creatures vanquished.

Vanquished Creatures (others)
  51 foxfires
51 creatures vanquished.

Grand Total: 74 creatures vanquished

Notes
Turn   | Place    | Note
-------+----------+-------------------------------------------
     0 | D:1      | Ivernyr the Djinni Fire Elementalist began the quest for
                  | the Orb.
     0 | D:1      | Ivernyr set off with the following spells memorised:
                  | Foxfire, Scorch, Volatile Blastmotes, Inner Flame, Flame
                  | Wave.
     0 | D:1      | Reached XP level 1. HP: 15/15 MP: 0/0
   114 | D:1      | Reached skill level 1 in Fighting
   114 | D:1      | Reached XP level 2. HP: 17/22 MP: 0/0
   469 | D:1      | Reached XP level 3. HP: 26/27 MP: 0/0
   469 | D:1      | Learned a level 1 spell: Freeze
   657 | D:1      | Slain by a gnoll

Illustrated notes

Levels and vault maps discovered:
D:1:      minmay_arrival_plants_in_alcoves, layout_rooms, minivault_24
D:2:      layout_rooms, st_stairs_10

Skill      XL: |  1 |
---------------+----+-----
Fighting       | 1 |  1.8
Dodging        | |  2.6
Stealth        | |  1.5
Spellcasting   | |  2.6

Action                     || total
---------------------------++-------
   Cast: Foxfire           ||    36
         Scorch            ||     3
 Armour: Robe              ||     3
  Dodge: Dodged            ||    16
